[Event "Titled Tuesday Blitz December 06 Late 2022"]
[White "Kokoszczynski, Jan"]
[Black "Makridis, Dimitrios"]
[WhiteFideId "1174460"]
[BlackFideId "25864475"]
[WhiteElo "2557"]
[BlackElo "2813"]
[Result "0-1"]
[Round "02"]
[TimeControl "180+1"]
[Date "2022.12.07"]
[WhiteClock "0:00:01"]
[BlackClock "0:00:30"]

1. d4 Nf6 2. c4 g6 3. Nc3 Bg7 4. Nf3 d6 5. g3 O-O 6. Bg2 Nc6 7. O-O e5 8. dxe5 dxe5 9. Bg5 h6 10. Qxd8 Rxd8 11. Bxf6 Bxf6 12. Nd5 Bg7 13. Nxc7 Rb8 14. e4 Bg4 15. Nd5 Bxf3 16. Bxf3 Bf8 17. Rfd1 Bc5 18. b3 Be7 19. Kg2 Kg7 20. Rd3 Bc5 21. Rad1 a5 22. Bg4 Bd4 23. h4 h5 24. Bh3 Nb4 25. Nxb4 axb4 26. R1d2 b6 27. Kf3 Ra8 28. Rc2 Rd6 29. Ke2 Rf6 30. Rf3 Rd6 31. Rd3 Ra3 32. Bc8 Rd8 33. Bb7 Rd7 34. Bc6 Rda7 35. Ba4 Bxf2 36. Kxf2 R7xa4 37. Rdd2 Ra5 38. Ke3 Kf6 39. Rd6+ Ke7 40. Rxb6 Rxa2 41. Rxa2 Rxa2 42. Rxb4 f5 43. Rb7+ Ke6 44. Rb6+ Kf7 45. c5 Rg2 46. Kf3 Rc2 47. b4 Rc3+ 48. Kf2 fxe4 49. c6 Ke6 50. b5 Kd5 51. Rb7 e3+ 52. Ke2 Ke4 53. c7 Rc2+ 54. Kd1 Kd3 55. b6 e2+ 56. Ke1 Rc1+ 57. Kf2 e1=Q+ 58. Kg2 Qf1+ 59. Kh2 Qh1# 0-1


[Site "https://www.chess.com"]

[Event "Titled Tuesday Blitz December 06 Late 2022"]
[White "Kravtsiv, Martyn"]
[Black "Kavutskiy, Konstantin"]
[WhiteFideId "14113147"]
[BlackFideId "2026384"]
[WhiteElo "2695"]
[BlackElo "2386"]
[Result "1-0"]
[Round "02"]
[TimeControl "180+1"]
[Date "2022.12.06"]
[WhiteClock "0:01:44"]
[BlackClock "0:00:28"]

1. e4 c5 2. Nf3 Nc6 3. d4 cxd4 4. Nxd4 Nf6 5. Nc3 e5 6. Ndb5 d6 7. Bg5 a6 8. Na3 b5 9. Nd5 Be7 10. Bxf6 Bxf6 11. c3 Rb8 12. Nc2 Bg5 13. g3 O-O 14. Bg2 Be6 15. O-O a5 16. b3 g6 17. Kh1 Kh8 18. Nce3 Bxe3 19. Nxe3 b4 20. c4 Qb6 21. Qd2 a4 22. Nc2 Rfd8 23. f4 f5 24. Rad1 axb3 25. axb3 Ra8 26. exf5 Bxf5 27. Ne3 Be6 28. f5 Bf7 29. fxg6 Bxg6 30. Nd5 Qa5 31. Rf6 Qa2 32. Qh6 Qc2 33. Ne3 Qxd1+ 34. Nxd1 Ra1 35. Rf8+ 1-0


[Site "https://www.chess.com"]

[Event "Titled Tuesday Blitz December 06 Late 2022"]
[White "Krishnan, Varun"]
[Black "Koelle, Tobias"]
[WhiteFideId "5054508"]
[BlackFideId "16207378"]
[WhiteElo "2556"]
[BlackElo "2809"]
[Result "0-1"]
[Round "02"]
[TimeControl "180+1"]
[Date "2022.12.07"]
[WhiteClock "0:00:16"]
[BlackClock "0:01:18"]

1. d4 g6 2. e4 Bg7 3. Nf3 d6 4. h3 Nf6 5. Bd3 O-O 6. O-O Nc6 7. c3 e5 8. Nbd2 Nh5 9. Nb3 h6 10. Be3 Kh7 11. dxe5 dxe5 12. Bc4 Qf6 13. Bd5 Ne7 14. Nh2 Nf4 15. Qf3 Nfxd5 16. exd5 Qxf3 17. Nxf3 Nxd5 18. Rad1 Nxe3 19. fxe3 b6 20. Rd5 Be6 21. Rd2 Bf6 22. Rdf2 Bg7 23. Rd1 Rad8 24. Rfd2 Rxd2 25. Rxd2 Bf6 26. e4 Kg7 27. Rd3 h5 28. Nfd2 Rd8 29. Nc1 Bg5 30. Nf3 Rxd3 31. Nxd3 Be3+ 32. Kf1 f6 33. b3 Kf7 34. Ke2 Bh6 35. Nfe1 Ke7 36. Nc2 Kd6 37. Ne3 a6 38. g4 Bxe3 39. Kxe3 hxg4 40. hxg4 Bxg4 41. a4 Be6 42. b4 f5 43. a5 f4+ 44. Kd2 g5 45. b5 axb5 46. a6 Bc8 47. a7 Bb7 48. Nf2 c5 49. Ng4 Bxe4 50. Nf6 Ba8 51. Kd3 c4+ 52. Ke2 e4 53. Kf2 b4 54. cxb4 c3 55. Ke2 f3+ 56. Ke3 c2 57. Nxe4+ Ke5 58. Kd2 Kxe4 59. Kxc2 g4 60. Kb3 g3 61. Ka4 g2 62. Kb5 g1=Q 63. Ka6 Qe1 64. b5 Qa5# 0-1


[Site "https://www.chess.com"]

[Event "Titled Tuesday Blitz December 06 Late 2022"]
[White "Lopez Gracia, Fernando"]
[Black "Pakleza, Zbigniew"]
[WhiteFideId "2207184"]
[BlackFideId "1119290"]
[WhiteElo "2423"]
[BlackElo "2410"]
[Result "0-1"]
[Round "02"]
[TimeControl "180+1"]
[Date "2022.12.07"]
[WhiteClock "0:02:13"]
[BlackClock "0:02:36"]

1. c4 c6 2. d4 d5 3. cxd5 cxd5 4. Bf4 Nf6 5. e3 Nc6 6. Nc3 Qb6 7. a3 Bf5 8. Ra2 e6 9. Nf3 Be7 10. h3 O-O 11. Nh4 Be4 12. Nxe4 dxe4 13. g4 g5 14. Bxg5 Qa5+ 0-1


[Site "https://www.chess.com"]

[Event "Titled Tuesday Blitz December 06 Late 2022"]
[White "Maghsoodloo, Parham"]
[Black "Lewicki, Miroslaw"]
[WhiteFideId "12539929"]
[BlackFideId "1113380"]
[WhiteElo "2672"]
[BlackElo "2191"]
[Result "1-0"]
[Round "02"]
[TimeControl "180+1"]
[Date "2022.12.06"]
[WhiteClock "0:00:20"]
[BlackClock "0:00:01"]

1. d4 Nf6 2. Nf3 e6 3. c4 d5 4. g3 Be7 5. Bg2 O-O 6. O-O Nbd7 7. Nbd2 b6 8. b3 Bb7 9. Bb2 dxc4 10. bxc4 c5 11. e3 cxd4 12. exd4 Qc7 13. Qb3 Rad8 14. Rfe1 Nb8 15. Rac1 Nc6 16. Bc3 Na5 17. Qa4 Bc6 18. Qc2 Nxc4 19. d5 exd5 20. Nxc4 dxc4 21. Ng5 Rd3 22. Bxc6 Qxc6 23. Rxe7 Nd5 24. Bxg7 Nxe7 25. Bxf8 Kxf8 26. Re1 Ng6 27. Qe2 Qd7 28. Qh5 Ne7 29. Qxf7# 1-0


[Site "https://www.chess.com"]

[Event "Titled Tuesday Blitz December 06 Late 2022"]
[White "Maksimovic, Bojan"]
[Black "Huber, Benedikt"]
[WhiteFideId "14408120"]
[BlackFideId "12923583"]
[WhiteElo "2462"]
[BlackElo "2199"]
[Result "1-0"]
[Round "02"]
[TimeControl "180+1"]
[Date "2022.12.07"]
[WhiteClock "0:00:11"]
[BlackClock "0:00:18"]

1. d4 e6 2. c4 b6 3. Nf3 Bb7 4. Nc3 g6 5. e4 Bg7 6. Bd3 Ne7 7. O-O d6 8. Re1 Nd7 9. Be3 h6 10. Qd2 g5 11. d5 e5 12. h4 f6 13. h5 Bc8 14. Nh2 O-O 15. g4 a5 16. f3 Rf7 17. Nf1 Bf8 18. Ng3 Nc5 19. Bf1 Bd7 20. b3 Nc8 21. Reb1 Na7 22. Qd1 Qb8 23. a3 b5 24. cxb5 Nxb5 25. Nxb5 Bxb5 26. Bxc5 dxc5 27. Bxb5 Qxb5 28. Qf1 Rb8 29. a4 Qxf1+ 30. Nxf1 c6 31. dxc6 Rc7 32. Ne3 Rxc6 33. Nc4 Ra6 34. Kf2 Rb4 35. Ke2 Kf7 36. Kd3 Ke6 37. Kc2 Be7 38. Rd1 Rb7 39. Rd3 Rc7 40. Rad1 Rb7 41. Kc3 Rc7 42. Na3 Rb7 43. Nb5 Rc6 44. Kc4 Rcb6 45. Rd5 Rc6 46. Kc3 Rcb6 47. Kc2 Rc6 48. Na3 Ra7 49. Nc4 Rca6 50. R5d3 Rc6 51. Rc3 Rca6 52. Rd5 Rc6 53. Nb2 Rca6 54. Nd3 Rb6 55. Nxc5+ Bxc5 56. Rcxc5 Rab7 57. Rb5 Rxb5 58. axb5 Rb6 59. Kc3 Rb7 60. Kb2 Rc7 61. Ka3 Rc1 62. b6 Rc6 63. Rb5 Kd6 64. b7 1-0


[Site "https://www.chess.com"]

[Event "Titled Tuesday Blitz December 06 Late 2022"]
[White "Manukyan, Artyom"]
[Black "Moroni, Luca Jr"]
[WhiteFideId "13305786"]
[BlackFideId "865834"]
[WhiteElo "2078"]
[BlackElo "2573"]
[Result "0-1"]
[Round "02"]
[TimeControl "180+1"]
[Date "2022.12.06"]
[WhiteClock "0:00:07"]
[BlackClock "0:01:05"]

1. e4 d6 2. d4 e5 3. Nc3 exd4 4. Qxd4 Nf6 5. Nf3 Be7 6. Be3 O-O 7. O-O-O a6 8. h3 b5 9. e5 dxe5 10. Qxe5 Bd6 11. Qg5 Bb7 12. Bd3 b4 13. Ne2 Nbd7 14. Bf4 Nc5 15. Bxd6 cxd6 16. Bf5 Re8 17. Ned4 h6 18. Qh4 Qa5 19. Kb1 Bd5 20. b3 Nfe4 21. Ne2 Nc3+ 22. Nxc3 bxc3 23. Qd4 Bxf3 24. gxf3 Re5 25. Be4 Rc8 26. Rhg1 Nxe4 27. Rxg7+ Kxg7 28. Rg1+ Kh7 0-1


[Site "https://www.chess.com"]

[Event "Titled Tuesday Blitz December 06 Late 2022"]
[White "Manukyan, Sargis A."]
[Black "Mahdavi, Reza"]
[WhiteFideId "13303970"]
[BlackFideId "12595926"]
[WhiteElo "2187"]
[BlackElo "2242"]
[Result "1/2-1/2"]
[Round "02"]
[TimeControl "180+1"]
[Date "2022.12.06"]
[WhiteClock "0:00:43"]
[BlackClock "0:01:27"]

1. Nf3 Nf6 2. g3 g6 3. b3 Bg7 4. Bb2 O-O 5. c4 d6 6. d4 c5 7. Bg2 cxd4 8. Nxd4 Nc6 9. O-O Bd7 10. Nc3 a6 11. Rc1 Rc8 12. Nd5 Nxd5 13. Bxd5 Qa5 14. Nxc6 bxc6 15. Bxg7 Kxg7 16. Bf3 Qxa2 17. Ra1 Qb2 18. Rxa6 Rc7 19. Qa1 Qxa1 20. Rfxa1 Rb8 21. Ra7 Rbb7 22. Rxb7 Rxb7 23. Ra3 f5 24. e3 e5 25. Kf1 e4 26. Bd1 Kf6 27. h4 Ke5 28. Ke1 d5 29. cxd5 cxd5 30. Kd2 d4 31. Ra5+ Bb5 32. exd4+ Kxd4 33. Be2 Bxe2 34. Ra4+ Ke5 35. Kxe2 Rxb3 36. Ra7 h6 37. Ra6 Rb2+ 38. Ke3 g5 39. Ra5+ Kf6 40. Ra6+ Kg7 41. hxg5 hxg5 42. Rc6 Rb3+ 43. Ke2 Rd3 44. Re6 Rd7 45. g4 f4 46. Rxe4 Kf6 47. Ra4 Re7+ 48. Kf3 Re6 49. Ra5 Rb6 50. Rf5+ Kg6 51. Rd5 Rb3+ 52. Ke4 Rb4+ 53. Kf3 Rb3+ 54. Ke4 Rb4+ 55. Kf3 Rb6 56. Ra5 Rc6 57. Rd5 Ra6 58. Rb5 Kf6 59. Rf5+ Kg6 60. Rb5 Ra3+ 61. Ke4 Ra4+ 62. Kf3 Ra6 63. Rc5 Rb6 64. Ra5 Rc6 65. Rb5 Re6 66. Ra5 Rf6 67. Rb5 Ra6 68. Rc5 Ra3+ 69. Ke4 Ra4+ 70. Kf3 Ra3+ 71. Ke4 Ra4+ 72. Kf3 Ra3+ 1/2-1/2


[Site "https://www.chess.com"]

[Event "Titled Tuesday Blitz December 06 Late 2022"]
[White "Marchesich, Giovanni"]
[Black "Korchmar, Vasiliy"]
[WhiteFideId "2824790"]
[BlackFideId "24131750"]
[WhiteElo "2200"]
[BlackElo "2370"]
[Result "1-0"]
[Round "02"]
[TimeControl "180+1"]
[Date "2022.12.07"]
[WhiteClock "0:00:07"]
[BlackClock "0:00:02"]

1. d4 d5 2. Nc3 Nf6 3. Bf4 a6 4. e3 b5 5. h4 e6 6. g4 Bb4 7. Bg2 Bb7 8. g5 Ne4 9. Ne2 Nd7 10. Qd3 c5 11. O-O O-O 12. a3 Ba5 13. Nxe4 dxe4 14. Qd1 Bc7 15. Bxc7 Qxc7 16. Ng3 f5 17. gxf6 Nxf6 18. c3 e5 19. dxc5 Qxc5 20. Bh3 Rad8 21. Qb3+ Kh8 22. Rad1 Rd3 23. Nf5 Bc8 24. Kh2 Rfd8 25. Rde1 Rd2 26. Qf7 Bxf5 27. Bxf5 Rxb2 28. Kh1 Rf8 29. Qe6 Rd2 30. Rd1 Qxc3 31. Rc1 Qb2 32. Kg1 Rxf2 33. Rxf2 Qxc1+ 34. Kh2 Qxe3 35. Rg2 Qh6 36. Qe7 Qxh4+ 37. Kg1 Qe1+ 38. Kh2 Qh4+ 39. Kg1 Rg8 40. Be6 Qe1+ 41. Kh2 Qh4+ 42. Kg1 Qh6 43. Bxg8 Nxg8 44. Qxe5 Qe3+ 45. Kh2 Qh6+ 46. Kg1 e3 47. Re2 Qg6+ 48. Kf1 Qf7+ 49. Ke1 Nf6 50. Qxe3 h6 51. Qd3 Qf8 52. Rc2 Kg8 53. Kd2 Qe8 54. Qb3+ Kh7 55. Qd3+ Ne4+ 56. Ke3 Qh5 57. Qxe4+ Kh8 58. Rc8+ 1-0


[Site "https://www.chess.com"]

[Event "Titled Tuesday Blitz December 06 Late 2022"]
[White "Martinez Reyes, Pedro Ramon"]
[Black "Grot, Blazej"]
[WhiteFideId "3901807"]
[BlackFideId "21835845"]
[WhiteElo "2354"]
[BlackElo "1823"]
[Result "1-0"]
[Round "02"]
[TimeControl "180+1"]
[Date "2022.12.07"]
[WhiteClock "0:00:30"]
[BlackClock "0:00:02"]

1. f4 d5 2. Nf3 c6 3. e3 Nf6 4. b4 Qb6 5. a3 Bf5 6. c4 e6 7. Bb2 Nbd7 8. Nc3 Be7 9. Be2 dxc4 10. Bxc4 c5 11. b5 O-O 12. a4 Qc7 13. O-O Bg4 14. h3 Bh5 15. Qb3 Nb6 16. Ne5 Nxc4 17. Qxc4 Rad8 18. Rf2 Bd6 19. g4 Bg6 20. Nxg6 hxg6 21. g5 Nd5 22. Ne4 Be7 23. h4 Rfe8 24. Kg2 Bd6 25. Raf1 Ne7 26. Rh1 Nf5 27. h5 gxh5 28. Rxh5 e5 29. fxe5 Bxe5 30. Rxf5 Bf6 31. Nxf6+ gxf6 32. Bxf6 Rxd2+ 33. Kf1 Rd1+ 34. Ke2 Rxe3+ 35. Kxd1 Qd7+ 36. Qd5 Rd3+ 37. Kc1 Rxd5 38. Rh8# 1-0


[Site "https://www.chess.com"]

[Event "Titled Tuesday Blitz December 06 Late 2022"]
[White "Matinian, Nikita"]
[Black "Forgacs, Attila Jr."]
[WhiteFideId "24129100"]
[BlackFideId "773654"]
[WhiteElo "2422"]
[BlackElo "2168"]
[Result "1-0"]
[Round "02"]
[TimeControl "180+1"]
[Date "2022.12.07"]
[WhiteClock "0:00:13"]
[BlackClock "0:00:21"]

1. e4 e5 2. Nf3 Nc6 3. Bb5 a6 4. Ba4 Nf6 5. d3 d6 6. c3 g6 7. O-O Bg7 8. Re1 O-O 9. Nbd2 b5 10. Bc2 Nb8 11. Nf1 h6 12. Ng3 Nbd7 13. d4 Bb7 14. a4 c5 15. h4 Re8 16. h5 g5 17. Nf5 Bf8 18. d5 Nh7 19. Nh2 Ndf6 20. Nf1 Bc8 21. N1g3 Bxf5 22. Nxf5 Qd7 23. Qe2 Bg7 24. Be3 c4 25. Ra3 Reb8 26. axb5 axb5 27. Rea1 Rxa3 28. Rxa3 Bf8 29. b4 cxb3 30. Rxb3 Ne8 31. c4 b4 32. Bd2 Qa4 33. Qd1 Qa2 34. Rxb4 Rxb4 35. Bxb4 Qxc4 36. Ba3 Nhf6 37. Qd3 Qa2 38. Qb3 Qxb3 39. Bxb3 Nxh5 40. Ba4 Nef6 41. f3 Ng7 42. Nxd6 Nfe8 43. Nc4 Bxa3 44. Nxa3 Nd6 45. Kf2 Kf8 46. Ke3 Ke7 47. Nc2 f5 48. Nb4 h5 49. Nc6+ Kf6 50. Nb8 h4 51. Nd7+ Ke7 52. Nxe5 fxe4 53. fxe4 Nh5 54. Nc6+ Kf6 55. e5+ Kf7 56. exd6 Nf6 57. Ne5+ Kf8 58. Kd4 g4 59. d7 Nxd7 60. Nxd7+ Ke7 61. Ne5 h3 62. gxh3 gxh3 63. Ng4 Kd6 64. Nh2 Ke7 65. Ke5 Kd8 66. d6 Kc8 67. Ke6 Kd8 68. d7 Kc7 69. Ke7 Kb6 70. d8=Q+ Kc5 71. Qd3 Kb4 72. Bd7 Ka5 73. Qb3 Ka6 74. Kd6 Ka5 75. Kc6 Ka6 76. Qa4# 1-0


[Site "https://www.chess.com"]

[Event "Titled Tuesday Blitz December 06 Late 2022"]
[White "Mayaud, Raphael"]
[Black "Womacka, Mathias"]
[WhiteFideId "627151"]
[BlackFideId "4611390"]
[WhiteElo "2191"]
[BlackElo "2377"]
[Result "0-1"]
[Round "02"]
[TimeControl "180+1"]
[Date "2022.12.07"]
[WhiteClock "0:00:18"]
[BlackClock "0:00:02"]

1. d4 Nf6 2. Bg5 Ne4 3. Bf4 c5 4. f3 Qa5+ 5. c3 Nf6 6. Nd2 cxd4 7. Nb3 Qd8 8. cxd4 e6 9. e4 Nc6 10. Be3 d5 11. e5 Nd7 12. f4 a5 13. Rc1 a4 14. Nc5 Nxc5 15. dxc5 d4 16. Bf2 Qd5 17. Nf3 Bxc5 18. Bd3 Bb4+ 19. Ke2 Qxa2 20. Qc2 Qd5 21. Rhd1 Be7 22. Be4 Qb5+ 23. Bd3 Qb6 24. Be4 Bd7 25. Bxc6 Bxc6 26. Bxd4 Qb5+ 27. Qd3 O-O 28. Qxb5 Bxb5+ 29. Ke3 Rac8 30. Bc3 Rfd8 31. Nd4 Be8 32. Nc2 Bc6 33. g3 f6 34. Nb4 fxe5 35. Nxc6 Rxc6 36. Bxe5 Rxd1 37. Rxd1 Bf6 38. Bxf6 gxf6 39. Rd7 Rb6 40. Rd2 Kf7 41. Ke4 Kg6 42. h3 h5 43. Kf3 Rb3+ 44. Kf2 h4 45. Re2 hxg3+ 46. Kg2 Kf5 47. Rc2 Kxf4 48. Rc4+ Kf5 49. Rxa4 Rxb2+ 50. Kxg3 e5 51. h4 Rb3+ 52. Kg2 b5 53. Ra1 Kg4 54. Rf1 f5 55. h5 Rb2+ 56. Kg1 f4 57. h6 Kg3 58. Rc1 Rg2+ 59. Kf1 Rh2 60. Ke1 f3 61. Rc5 Rh1+ 62. Kd2 Rxh6 63. Rxe5 f2 64. Rg5+ Kf4 65. Rg8 Rh5 66. Rg2 Kf3 67. Rxf2+ Kxf2 68. Kc3 Rd5 69. Kb4 Ke3 70. Kb3 Rd4 71. Kb2 Kd3 72. Kb3 Rc4 73. Kb2 Rb4+ 74. Ka3 Kc3 75. Ka2 Kc2 76. Ka3 Rc4 77. Ka2 Ra4# 0-1


[Site "https://www.chess.com"]

[Event "Titled Tuesday Blitz December 06 Late 2022"]
[White "Mazurkiewicz, Michal"]
[Black "Savic, Miroslav"]
[WhiteFideId "1124943"]
[BlackFideId "14508494"]
[WhiteElo "2081"]
[BlackElo "2209"]
[Result "1-0"]
[Round "02"]
[TimeControl "180+1"]
[Date "2022.12.07"]
[WhiteClock "0:01:53"]
[BlackClock "0:00:32"]

1. e4 c5 2. Nf3 d6 3. g3 Nf6 4. d3 Nc6 5. Bg2 g6 6. O-O Bg7 7. Re1 O-O 8. e5 dxe5 9. Nxe5 Nxe5 10. Rxe5 Qc7 11. Bf4 Qb6 12. Nc3 Qxb2 13. Rxc5 Bg4 14. Qe1 Nd7 15. Rc7 Bxc3 16. Rxc3 Rac8 17. Bd2 Rxc3 18. Bxc3 Qxc2 19. Rc1 Qe2 20. Bxb7 Qxd3 21. Qxe7 Qe2 22. Re1 Qxe7 23. Rxe7 Rb8 24. Bd5 Rb1+ 25. Kg2 Nb6 26. Re8# 1-0


[Site "https://www.chess.com"]

[Event "Titled Tuesday Blitz December 06 Late 2022"]
[White "Melikyan, Gnel"]
[Black "Van Foreest, Machteld"]
[WhiteFideId "54109990"]
[BlackFideId "1051563"]
[WhiteElo "2138"]
[BlackElo "2018"]
[Result "0-1"]
[Round "02"]
[TimeControl "180+1"]
[Date "2022.12.07"]
[WhiteClock "0:01:21"]
[BlackClock "0:00:38"]

1. e4 c5 2. Nf3 e6 3. d4 cxd4 4. Nxd4 Nf6 5. Nc3 Nc6 6. Nxc6 bxc6 7. e5 Nd5 8. Ne4 Qc7 9. f4 Rb8 10. c4 Bb4+ 11. Ke2 O-O 12. a3 Be7 13. Kf3 f5 14. Nd6 Bxd6 15. exd6 Qxd6 16. cxd5 cxd5 17. Be3 e5 18. fxe5 Qxe5 19. Qd4 Qe4+ 20. Qxe4 fxe4+ 21. Kg4 d6+ 22. Kh4 Rb3 23. Re1 Be6 24. Ba6 d4 25. Bxd4 Rf4+ 26. Kh5 h6 0-1


[Site "https://www.chess.com"]

[Event "Titled Tuesday Blitz December 06 Late 2022"]
[White "Melkumyan, Hrant"]
[Black "Ambartsumova, Karina"]
[WhiteFideId "13302485"]
[BlackFideId "4166299"]
[WhiteElo "2604"]
[BlackElo "2319"]
[Result "1-0"]
[Round "02"]
[TimeControl "180+1"]
[Date "2022.12.06"]
[WhiteClock "0:00:19"]
[BlackClock "0:00:12"]

1. d4 Nf6 2. c4 g6 3. Nc3 Bg7 4. e4 O-O 5. Be2 d6 6. h4 e5 7. d5 Na6 8. h5 Nc5 9. Bf3 c6 10. Nge2 cxd5 11. cxd5 a6 12. Ng3 b5 13. Be3 b4 14. Nce2 Qa5 15. b3 Bd7 16. O-O Qb5 17. Qd2 a5 18. Bg5 Rfc8 19. Rab1 Qa6 20. Rfc1 Bb5 21. Bh6 Bh8 22. Nf5 Re8 23. Neg3 Bd3 24. Rxc5 dxc5 25. Rc1 c4 26. bxc4 Bxc4 27. d6 Rad8 28. Qc2 Be6 29. Be2 Qb7 30. Qd2 Nxe4 31. Nxe4 Qxe4 32. Ne7+ Rxe7 33. dxe7 Re8 34. Qd8 Qa8 35. Qxa8 Rxa8 36. Rd1 1-0


[Site "https://www.chess.com"]

[Event "Titled Tuesday Blitz December 06 Late 2022"]
[White "Meunier, Clement"]
[Black "Van Foreest, Lucas"]
[WhiteFideId "20667930"]
[BlackFideId "1039792"]
[WhiteElo "2233"]
[BlackElo "2509"]
[Result "0-1"]
[Round "02"]
[TimeControl "180+1"]
[Date "2022.12.07"]
[WhiteClock "0:00:02"]
[BlackClock "0:01:54"]

1. e4 b5 2. Bxb5 Bb7 3. Nc3 f5 4. exf5 Bxg2 5. Qh5+ g6 6. fxg6 Bg7 7. gxh7+ Kf8 8. hxg8=Q+ Kxg8 9. Qg4 Bxh1 10. b3 e6 11. Nf3 Qe8 12. Ne4 Bxf3 13. Qxf3 Bxa1 14. c3 Qg6 15. Bd3 Qg1+ 16. Ke2 Nc6 17. Nf6+ Kg7 18. Nxd7 Raf8 19. Nxf8 Rxf8 20. Qxc6 Rxf2+ 21. Ke3 Rf5+ 22. Ke2 Qf1+ 23. Ke3 Qf2+ 24. Ke4 Qf3+ 0-1


[Site "https://www.chess.com"]

[Event "Titled Tuesday Blitz December 06 Late 2022"]
[White "Mikaelyan, Arman"]
[Black "Pein, Jonathan"]
[WhiteFideId "13304852"]
[BlackFideId "417092"]
[WhiteElo "2456"]
[BlackElo "2225"]
[Result "1-0"]
[Round "02"]
[TimeControl "180+1"]
[Date "2022.12.07"]
[WhiteClock "0:00:25"]
[BlackClock "0:00:11"]

1. Nf3 Nf6 2. d4 g6 3. g3 Bg7 4. Bg2 O-O 5. O-O d6 6. c4 c6 7. Nc3 Qa5 8. e4 Bg4 9. h3 Bxf3 10. Bxf3 Nfd7 11. Be3 c5 12. e5 cxd4 13. Bxd4 Nc6 14. Bxc6 bxc6 15. exd6 e5 16. Be3 Qb4 17. Qd3 Qxb2 18. Rab1 Qa3 19. Rb3 Qa5 20. Rb7 Nc5 21. Bxc5 Qxc5 22. Ne4 Qd4 23. Rd1 Rab8 24. Qxd4 exd4 25. Rxa7 Ra8 26. Rc7 Rxa2 27. Rxc6 Rd8 28. c5 h6 29. Rc7 f5 30. Nd2 Rc2 31. Nf3 Rc4 32. Kg2 g5 33. g4 fxg4 34. hxg4 d3 35. Rxd3 Rxg4+ 36. Kf1 Rf4 37. d7 Kf7 38. Rc8 Ke7 39. c6 Rc4 40. Re3+ 1-0


[Site "https://www.chess.com"]

[Event "Titled Tuesday Blitz December 06 Late 2022"]
[White "Mikhailov, Viacheslav"]
[Black "Liu, Kelsey"]
[WhiteFideId "4187369"]
[BlackFideId "30944481"]
[WhiteElo "2381"]
[BlackElo "2288"]
[Result "1-0"]
[Round "02"]
[TimeControl "180+1"]
[Date "2022.12.07"]
[WhiteClock "0:02:56"]
[BlackClock "0:02:09"]

1. Nf3 d5 2. g3 Nf6 3. Bg2 e6 4. O-O Be7 5. c4 O-O 6. d4 dxc4 7. Ne5 Nc6 8. Nxc6 bxc6 9. Na3 Bxa3 10. bxa3 Rb8 11. Qa4 Qxd4 12. Be3 Qd6 13. Qxa7 Bb7 14. Bc5 Qe5 15. Bxf8 Rxf8 16. Qxb7 1-0


[Site "https://www.chess.com"]

[Event "Titled Tuesday Blitz December 06 Late 2022"]
[White "Miszler, Levente"]
[Black "Putnam, Liam"]
[WhiteFideId "763276"]
[BlackFideId "30938279"]
[WhiteElo "2176"]
[BlackElo "2082"]
[Result "0-1"]
[Round "02"]
[TimeControl "180+1"]
[Date "2022.12.07"]
[WhiteClock "0:00:03"]
[BlackClock "0:00:04"]

1. Nf3 d5 2. c4 d4 3. e3 c5 4. exd4 cxd4 5. b4 g6 6. Bb2 Bg7 7. d3 e5 8. Nbd2 Ne7 9. g3 O-O 10. Bg2 a5 11. a3 Nbc6 12. b5 Nb8 13. O-O Nd7 14. a4 Nc5 15. Nb3 Nxb3 16. Qxb3 Be6 17. Rfe1 Qc7 18. Ba3 Rfe8 19. Rac1 Rac8 20. Qc2 Bh6 21. Nd2 f5 22. f4 Nd5 23. Rxe5 Ne3 24. Qb2 Bf7 25. Nf3 Bg7 26. Rc5 Qb8 27. Rxc8 Qxc8 28. c5 Nxg2 29. Qxg2 Bd5 30. Qf2 Re3 31. Ne5 Bxe5 32. fxe5 Rxd3 33. Bb2 Bb3 34. Bxd4 Bxa4 35. Qf4 Bxb5 36. e6 Qxe6 37. Qb8+ Qe8 38. Qd6 Qd7 39. Qxd7 Bxd7 40. Be5 Bc6 41. Bd6 a4 42. Kf2 a3 43. Ra1 Bd5 44. Ke2 Bc4 45. Kf2 a2 46. h4 Kf7 47. Re1 Be6 48. Be5 Rd2+ 49. Kf3 Bd5+ 50. Kf4 h6 51. h5 Be4 52. hxg6+ Kxg6 53. Rc1 Rf2+ 54. Ke3 Rf3+ 55. Kd4 Rd3+ 56. Kc4 Ra3 57. Bb2 Ra6 58. Kb3 Kg5 59. Rg1 Kg4 60. Bc3 h5 61. Be5 Ra5 62. Kb4 Ra8 63. Kb3 Kf3 64. Kc3 Bb1 65. Kb3 a1=Q 66. Bxa1 Rxa1 67. Rf1+ Kg4 68. Rg1 Ba2+ 69. Kb2 Rxg1 70. Kxa2 Rxg3 0-1


[Site "https://www.chess.com"]

[Event "Titled Tuesday Blitz December 06 Late 2022"]
[White "Moksh Amit Doshi"]
[Black "Bazeev, German"]
[WhiteFideId "25064967"]
[BlackFideId "24119350"]
[WhiteElo "2546"]
[BlackElo "2773"]
[Result "0-1"]
[Round "02"]
[TimeControl "180+1"]
[Date "2022.12.07"]
[WhiteClock "0:00:16"]
[BlackClock "0:00:13"]

1. c4 e5 2. Nc3 Nf6 3. Nf3 Nc6 4. g3 Bb4 5. Bg2 Bxc3 6. bxc3 d6 7. O-O h6 8. d3 O-O 9. Rb1 e4 10. Nd4 Re8 11. Qa4 Bd7 12. Qc2 Na5 13. dxe4 Nxc4 14. Rxb7 Nb6 15. e5 Rxe5 16. Bf4 Rc5 17. Nb3 Rc4 18. Nd2 Rxf4 19. gxf4 d5 20. c4 Bc6 21. Rxb6 axb6 22. Rc1 Ra7 23. e3 Qe8 24. c5 b5 25. Nb3 Bd7 26. c6 Be6 27. Nd4 Qa8 28. Nxb5 Rxa2 29. Qc5 Qa5 30. Nxc7 Qxc7 31. Qb5 Ra8 32. Qb7 Rc8 33. Qxc7 Rxc7 34. f3 g6 35. e4 Nh5 36. Rc5 Nxf4 37. Kf2 Kf8 38. Bf1 Ke7 39. Ke3 g5 40. Kd4 dxe4 41. fxe4 Ng6 42. e5 Ke8 43. Rc1 Ne7 44. Bg2 h5 45. Kc5 Kf8 46. Kb6 Rc8 47. c7 Kg7 48. Bb7 Rh8 49. Kc5 g4 50. Kd6 Nf5+ 51. Kc5 h4 52. Kb6 g3 53. hxg3 hxg3 54. c8=Q Bxc8 55. Bxc8 Nd4 56. Bb7 Rh5 57. Rg1 Rg5 58. Kc7 Ne2 59. Rg2 Nf4 60. Rg1 Nh3 61. Rh1 Nf4 62. Kd7 Rxe5 63. Rg1 Rg5 64. Ke7 Nh3 65. Rh1 Nf4 66. Rg1 Ng6+ 67. Ke8 f5 68. Kd7 f4 69. Ke6 Nh4 70. Rh1 g2 71. Bxg2 Nxg2 72. Rf1 Kg6 73. Rf2 Rg4 74. Kd5 Kf5 75. Rf1 Ne3+ 0-1


[Site "https://www.chess.com"]

[Event "Titled Tuesday Blitz December 06 Late 2022"]
[White "Nasuta, Grzegorz"]
[Black "Kaganskiy, Gleb"]
[WhiteFideId "1141686"]
[BlackFideId "4132025"]
[WhiteElo "2441"]
[BlackElo "2165"]
[Result "1/2-1/2"]
[Round "02"]
[TimeControl "180+1"]
[Date "2022.12.07"]
[WhiteClock "0:00:06"]
[BlackClock "0:00:09"]

1. e4 e6 2. d4 d5 3. Nc3 Bb4 4. e5 c5 5. a3 Bxc3+ 6. bxc3 Ne7 7. Qg4 Qc7 8. Qxg7 Rg8 9. Qxh7 cxd4 10. Ne2 Nbc6 11. f4 Bd7 12. h4 dxc3 13. h5 O-O-O 14. Qd3 d4 15. h6 Rg6 16. h7 Rh8 17. Nxd4 Nxd4 18. Qxd4 Kb8 19. Be3 b6 20. Bf2 Nf5 21. Qd3 Bc6 22. Rh2 Rg7 23. Qxc3 Rgxh7 24. Rxh7 Rxh7 25. O-O-O Rg7 26. g3 Bd5 27. Qxc7+ Kxc7 28. Rd3 Kb7 29. Be2 Rh7 30. g4 Rh2 31. gxf5 Rxf2 32. Bh5 Be4 33. Rd7+ Kc8 34. Rxf7 Bxf5 35. Rxa7 Rxc2+ 36. Kd1 Rf2 37. Rg7 Rxf4 38. Be2 Re4 39. Ba6+ Kd8 40. Rb7 Rxe5 41. Rxb6 Ra5 42. Bc4 Ke7 43. Rb3 Kd6 44. Kd2 Be4 45. Ke3 Bd5 46. Bxd5 exd5 47. Kd4 Ra4+ 48. Kd3 Kc5 49. Rc3+ Kd6 50. Rb3 Kc5 51. Rc3+ Kd6 52. Rb3 1/2-1/2


[Site "https://www.chess.com"]